TOP OF THE 1ST |
New York Mets batting - Pitching for St. Louis Cardinals : LHP Wei-Yin Chen
|
Pitching: LHP Wei-Yin Chen
|
|
Batting: SHB Ian Happ
|
0-0: Ball 1-0: Bunt for hit - play at first, batter OUT! 5-3
|
Batting: RHB Starlin Castro
|
0-0: Called Strike 0-1: DOUBLE (Flyball, 8LXD)
|
Batting: LHB Travis Shaw
|
0-0: Called Strike 0-1: Called Strike 0-2: Ball 1-2: Ball 2-2: Foul Ball, location: 2F 2-2: Ball 3-2: Foul Ball, location: 2F 3-2: Strikes out swinging
|
Batting: LHB Eddie Rosario
|
0-0: Ball 1-0: Foul Ball, location: 2F 1-1: Ground out U3 (Groundball, 34)
|
Top of the 1st over - 0 runs, 1 hit, 0 errors, 1 left on base; New York 0 - St. Louis 0 |
BOTTOM OF THE 1ST |
St. Louis Cardinals batting - Pitching for New York Mets : RHP Luis Severino
|
Pitching: RHP Luis Severino
|
|
Batting: SHB Ozzie Albies
|
0-0: Called Strike 0-1: Called Strike 0-2: Ball 1-2: Foul Ball, location: 2F 1-2: Strikes out swinging
|
Batting: RHB Harrison Bader
|
0-0: Ground out 6-3 (Groundball, 6)
|
Batting: RHB Jose Alberto Martinez
|
0-0: Ball 1-0: Ball 2-0: Swinging Strike 2-1: Ball 3-1: DOUBLE (Line Drive, 89D)
|
Batting: RHB Mark Reynolds
|
0-0: Ball 1-0: Ball 2-0: Called Strike 2-1: Swinging Strike 2-2: Ball 3-2: Strikes out looking
|
Bottom of the 1st over - 0 runs, 1 hit, 0 errors, 1 left on base; New York 0 - St. Louis 0 |
TOP OF THE 2ND |
New York Mets batting - Pitching for St. Louis Cardinals : LHP Wei-Yin Chen
|
Batting: LHB Scott Schebler
|
0-0: Fly out, F3 (Line Drive, 3)
|
Batting: LHB Mitch Moreland
|
0-0: Called Strike 0-1: Ball 1-1: Swinging Strike 1-2: Foul Ball, location: 2F 1-2: Ball 2-2: Strikes out swinging
|
Batting: RHB Salvador Perez
|
0-0: Foul Ball, location: 2F 0-1: SINGLE (Groundball, 56D)
|
Batting: RHB Nick Ahmed
|
0-0: DOUBLE (Line Drive, 8RXD) Salvador Perez to third Runner from 3rd tries for Home, SAFE, throw made home
|
Batting: RHB Luis Severino
|
0-0: Ground out 4-3 (Groundball, 34)
|
Top of the 2nd over - 1 run, 2 hits, 0 errors, 1 left on base; New York 1 - St. Louis 0 |
BOTTOM OF THE 2ND |
St. Louis Cardinals batting - Pitching for New York Mets : RHP Luis Severino
|
Batting: LHB Alex Avila
|
0-0: Ball 1-0: Swinging Strike 1-1: Ball 2-1: Called Strike 2-2: Ball 3-2: Strikes out swinging
|
Batting: LHB Brett Phillips
|
0-0: Ball 1-0: Called Strike 1-1: SINGLE (Line Drive, 56D)
|
Batting: RHB Adeiny Hechavarria
|
0-0: Ball 1-0: Grounds into double play, 6-4-3 (Groundball, 6)
|
Bottom of the 2nd over - 0 runs, 1 hit, 0 errors, 0 left on base; New York 1 - St. Louis 0 |
TOP OF THE 3RD |
New York Mets batting - Pitching for St. Louis Cardinals : LHP Wei-Yin Chen
|
Batting: SHB Ian Happ
|
0-0: Ball 1-0: Called Strike 1-1: Foul Ball, location: 2F 1-2: Foul Ball, location: 2F 1-2: Strikes out swinging
|
Batting: RHB Starlin Castro
|
0-0: Ground out U3 (Groundball, 3S)
|
Batting: LHB Travis Shaw
|
0-0: Ground out U3 (Groundball, 34S)
|
Top of the 3rd over - 0 runs, 0 hits, 0 errors, 0 left on base; New York 1 - St. Louis 0 |
BOTTOM OF THE 3RD |
St. Louis Cardinals batting - Pitching for New York Mets : RHP Luis Severino
|
Batting: RHB Yan Gomes
|
0-0: Ball 1-0: Called Strike 1-1: Ball 2-1: SINGLE (Line Drive, 7LS)
|
Batting: RHB Wei-Yin Chen
|
0-0: Sac Bunt - play at first, batter OUT! 3-4 Yan Gomes to second
|
Batting: SHB Ozzie Albies
|
0-0: Ball 1-0: Foul Ball, location: 2F 1-1: Ball 2-1: SINGLE (Groundball, 34D) Yan Gomes to third
|
Batting: RHB Harrison Bader
|
0-0: Ball 1-0: Ball 2-0: Ball 3-0: Base on Balls Ozzie Albies to second
|
Batting: RHB Jose Alberto Martinez
|
0-0: Fly out, F5 (Line Drive, 5)
|
Batting: RHB Mark Reynolds
|
0-0: Ball 1-0: Fielders Choice at 2nd, 6-4 (Groundball, 56)
|
Bottom of the 3rd over - 0 runs, 2 hits, 0 errors, 3 left on base; New York 1 - St. Louis 0 |
TOP OF THE 4TH |
New York Mets batting - Pitching for St. Louis Cardinals : LHP Wei-Yin Chen
|
Batting: LHB Eddie Rosario
|
0-0: Ball 1-0: Foul Ball, location: 2F 1-1: Foul Ball, location: 2F 1-2: Ball 2-2: Ground out 4-3 (Groundball, 4MS)
|
Batting: LHB Scott Schebler
|
0-0: Ball 1-0: Called Strike 1-1: Fly out, F9 (Flyball, 9LSF)
|
Batting: LHB Mitch Moreland
|
0-0: Ground out 3-1 (Groundball, 34)
|
Top of the 4th over - 0 runs, 0 hits, 0 errors, 0 left on base; New York 1 - St. Louis 0 |
BOTTOM OF THE 4TH |
St. Louis Cardinals batting - Pitching for New York Mets : RHP Luis Severino
|
Batting: LHB Alex Avila
|
0-0: Ball 1-0: Ball 2-0: Ground out 6-3 (Groundball, 6)
|
Batting: LHB Brett Phillips
|
0-0: Called Strike 0-1: SOLO HOME RUN (Flyball, 8RXD), Distance : 407 ft
|
Batting: RHB Adeiny Hechavarria
|
0-0: Ball 1-0: Called Strike 1-1: Swinging Strike 1-2: Foul Ball, location: 2F 1-2: Ball 2-2: Foul Ball, location: 2F 2-2: Fly out, F8 (Flyball, 78D)
|
Batting: RHB Yan Gomes
|
0-0: Ball 1-0: Ball 2-0: Foul Ball, location: 2F 2-1: Foul Ball, location: 2F 2-2: Fly out, F7 (Flyball, 78M)
|
Bottom of the 4th over - 1 run, 1 hit, 0 errors, 0 left on base; New York 1 - St. Louis 1 |
TOP OF THE 5TH |
New York Mets batting - Pitching for St. Louis Cardinals : LHP Wei-Yin Chen
|
Batting: RHB Salvador Perez
|
0-0: Foul Ball, location: 2F 0-1: Swinging Strike 0-2: Strikes out looking
|
Batting: RHB Nick Ahmed
|
0-0: Called Strike 0-1: SOLO HOME RUN (Flyball, 9D), Distance : 382 ft
|
Batting: RHB Luis Severino
|
0-0: Swinging Strike 0-1: Foul Ball, location: 2F 0-2: Strikes out swinging
|
Batting: SHB Ian Happ
|
0-0: Hit by Pitch
|
Batting: RHB Starlin Castro
|
0-0: Ground out 4-3 (Groundball, 4S)
|
Top of the 5th over - 1 run, 1 hit, 0 errors, 1 left on base; New York 2 - St. Louis 1 |
BOTTOM OF THE 5TH |
St. Louis Cardinals batting - Pitching for New York Mets : RHP Luis Severino
|
Batting: RHB Wei-Yin Chen
|
0-0: Foul Ball, location: 2F 0-1: SINGLE (Groundball, 34D)
|
Batting: SHB Ozzie Albies
|
0-0: Called Strike 0-1: Swinging Strike 0-2: Ball 1-2: Foul Ball, location: 2F 1-2: Ball 2-2: Ball 3-2: Strikes out swinging
|
Batting: RHB Harrison Bader
|
0-0: Foul Ball, location: 2F 0-1: Ball 1-1: Ball 2-1: Called Strike 2-2: Reached on error, E2 (Groundball, 15S) Wei-Yin Chen to second
|
Batting: RHB Jose Alberto Martinez
|
0-0: Ball 1-0: Foul Ball, location: 2F 1-1: Fly out, F8 (Flyball, 8LS)
|
Batting: RHB Mark Reynolds
|
0-0: Foul Ball, location: 2F 0-1: Ball 1-1: Ball 2-1: Fly out, F9 (Flyball, 89M)
|
Bottom of the 5th over - 0 runs, 1 hit, 1 error, 2 left on base; New York 2 - St. Louis 1 |
TOP OF THE 6TH |
New York Mets batting - Pitching for St. Louis Cardinals : LHP Wei-Yin Chen
|
Batting: LHB Travis Shaw
|
0-0: Ball 1-0: Called Strike 1-1: Ball 2-1: Foul Ball, location: 2F 2-2: Ball 3-2: Fly out, F8 (Flyball, 8RM)
|
Batting: LHB Eddie Rosario
|
0-0: Ball 1-0: Ball 2-0: Fly out, F8 (Flyball, 8RS)
|
Batting: LHB Scott Schebler
|
0-0: Ball 1-0: Swinging Strike 1-1: Ball 2-1: Foul Ball, location: 2F 2-2: Fly out, F8 (Flyball, 8RXD)
|
Top of the 6th over - 0 runs, 0 hits, 0 errors, 0 left on base; New York 2 - St. Louis 1 |
BOTTOM OF THE 6TH |
St. Louis Cardinals batting - Pitching for New York Mets : RHP Luis Severino
|
Batting: LHB Alex Avila
|
0-0: Called Strike 0-1: Ground out 3-1 (Groundball, 34S)
|
Batting: LHB Brett Phillips
|
0-0: Ball 1-0: Ball 2-0: Called Strike 2-1: Foul Ball, location: 2F 2-2: Strikes out swinging
|
Batting: RHB Adeiny Hechavarria
|
0-0: Ball 1-0: TRIPLE (Flyball, 89XD)
|
Batting: RHB Yan Gomes
|
0-0: Intentional Walk
|
Batting: RHB Wei-Yin Chen
|
0-0: Foul Ball, location: 2F 0-1: Ball 1-1: Foul Ball, location: 2F 1-2: Strikes out looking
|
Bottom of the 6th over - 0 runs, 1 hit, 0 errors, 2 left on base; New York 2 - St. Louis 1 |
TOP OF THE 7TH |
New York Mets batting - Pitching for St. Louis Cardinals : LHP Wei-Yin Chen
|
Batting: LHB Mitch Moreland
|
0-0: Ball 1-0: Ball 2-0: Foul Ball, location: 2F 2-1: Foul Ball, location: 2F 2-2: Strikes out swinging
|
Batting: RHB Salvador Perez
|
0-0: Called Strike 0-1: Ball 1-1: Foul Ball, location: 2F 1-2: Fly out, F5 (Popup, 5SF)
|
Batting: RHB Nick Ahmed
|
0-0: Ball 1-0: Ball 2-0: SINGLE (Groundball, 34D)
|
Pinch Hitting: RHB Christian Vazquez
|
0-0: Ball 1-0: 2-RUN HOME RUN (Flyball, 7D), Distance : 379 ft
|
Pitching: RHP Cory Gearrin
|
|
Batting: SHB Ian Happ
|
0-0: Called Strike 0-1: Swinging Strike 0-2: Strikes out swinging
|
Top of the 7th over - 2 runs, 2 hits, 0 errors, 0 left on base; New York 4 - St. Louis 1 |
BOTTOM OF THE 7TH |
St. Louis Cardinals batting - Pitching for New York Mets : RHP Luis Severino
|
Pitching: RHP Steve Cishek
|
|
Batting: SHB Ozzie Albies
|
0-0: Foul Ball, location: 2F 0-1: Called Strike 0-2: Foul Ball, location: 2F 0-2: Strikes out swinging
|
Batting: RHB Harrison Bader
|
0-0: Ball 1-0: Ball 2-0: Foul Ball, location: 2F 2-1: Ball 3-1: Base on Balls
|
Batting: RHB Jose Alberto Martinez
|
0-0: Grounds into double play, 5-4-3 (Groundball, 56)
|
Bottom of the 7th over - 0 runs, 0 hits, 0 errors, 0 left on base; New York 4 - St. Louis 1 |
TOP OF THE 8TH |
New York Mets batting - Pitching for St. Louis Cardinals : RHP Cory Gearrin
|
Batting: RHB Starlin Castro
|
0-0: Foul Ball, location: 2F 0-1: Ball 1-1: SINGLE (Line Drive, 34)
|
Batting: LHB Travis Shaw
|
0-0: Ball 1-0: Ball 2-0: Called Strike 2-1: Foul Ball, location: 2F 2-2: Ball 3-2: Base on Balls Starlin Castro to second
|
Batting: LHB Eddie Rosario
|
0-0: Ball 1-0: Foul Ball, location: 2F 1-1: Swinging Strike 1-2: Foul Ball, location: 2F 1-2: Ball 2-2: Strikes out swinging
|
Batting: LHB Scott Schebler
|
0-0: Ball 1-0: Called Strike 1-1: Foul Ball, location: 2F 1-2: Strikes out looking
|
Batting: LHB Mitch Moreland
|
0-0: Foul Ball, location: 2F 0-1: Fly out, F8 (Flyball, 8RD)
|
Top of the 8th over - 0 runs, 1 hit, 0 errors, 2 left on base; New York 4 - St. Louis 1 |
BOTTOM OF THE 8TH |
St. Louis Cardinals batting - Pitching for New York Mets : RHP Steve Cishek
|
Pitching: LHP Adam Liberatore
|
|
Now in RF: Gerardo Parra
|
|
Batting: RHB Mark Reynolds
|
0-0: Ball 1-0: Ball 2-0: Ball 3-0: Base on Balls
|
Batting: LHB Alex Avila
|
0-0: Foul Ball, location: 2F 0-1: Called Strike 0-2: Foul Ball, location: 2F 0-2: Strikes out swinging
|
Batting: LHB Brett Phillips
|
0-0: Ball 1-0: Ball 2-0: Foul Ball, location: 2F 2-1: Foul Ball, location: 2F 2-2: Strikes out looking
|
Batting: RHB Adeiny Hechavarria
|
0-0: Ball 1-0: Ball 2-0: Fly out, F8 (Line Drive, 8LM)
|
Bottom of the 8th over - 0 runs, 0 hits, 0 errors, 1 left on base; New York 4 - St. Louis 1 |
TOP OF THE 9TH |
New York Mets batting - Pitching for St. Louis Cardinals : RHP Cory Gearrin
|
Pitching: RHP Mark Melancon
|
|
Now at SS: Erick Aybar
|
|
Batting: RHB Salvador Perez
|
0-0: Called Strike 0-1: Swinging Strike 0-2: Ground out 6-3 (Groundball, 6S)
|
Batting: RHB Nick Ahmed
|
0-0: Called Strike 0-1: Ball 1-1: Ground out 6-3 (Groundball, 6S)
|
Batting: LHB Gerardo Parra
|
0-0: Ball 1-0: SINGLE (Line Drive, 8RS)
|
Batting: SHB Ian Happ
|
0-0: Ball 1-0: Ball 2-0: Foul Ball, location: 2F 2-1: Foul Ball, location: 2F 2-2: Fielders Choice at 2nd, 5-4 (Groundball, 5)
|
Top of the 9th over - 0 runs, 1 hit, 0 errors, 1 left on base; New York 4 - St. Louis 1 |
BOTTOM OF THE 9TH |
St. Louis Cardinals batting - Pitching for New York Mets : LHP Adam Liberatore
|
Pitching: RHP Corey Knebel
|
|
Now at SS: Jonathan Villar
|
|
Batting: RHB Yan Gomes
|
0-0: Foul Ball, location: 2F 0-1: Foul Ball, location: 2F 0-2: Ball 1-2: Foul Ball, location: 2F 1-2: Ball 2-2: Fly out, F4 (Popup, 34)
|
Batting: SHB Erick Aybar
|
0-0: Ball 1-0: Ball 2-0: Called Strike 2-1: Foul Ball, location: 2F 2-2: Strikes out swinging
|
Batting: SHB Ozzie Albies
|
0-0: Called Strike 0-1: Ground out 5-3 (Groundball, 5L)
|
Bottom of the 9th over - 0 runs, 0 hits, 0 errors, 0 left on base; New York 4 - St. Louis 1 |
|